Workbook

Sheet RESUMEN
A4: GESTIÓN SOCIAL Y COMUNICACIÓN – NUEVO CONCURSO RÍO CAÑETE
A6: ÍTEM | B6: MONTO
A7: REMUNERACIONES | B7: =REMUNERACIONES!E12 -> 849660
A8: ACTIVIDADES | B8: ='COSTEO ACTIVIDADES'!G31 -> 88480
A9: GASTOS OPERATIVOS | B9: ='GASTOS OPERATIVOS'!E33 -> 788461
A10: GASTOS ADMINISTRATIVOS | B10: ='GASTOS ADMINISTRATIVOS'!E10 -> 120180
A11: COSTO TOTAL DEL PROYECTO | B11: =SUM(B7:B10) -> 1846781
A12: Imprevistos | B12: =B11*3/100 -> 55403.43
A13: UTILIDAD 15 % | B13: =B11*15/100 -> 277017.15
A14: COSTO TOTAL DEL PROYECTO | B14: =SUM(B11:B13) -> 2179201.6
A15: El costo no incluye IGV
A16: Propuesta válida por 20 días

Sheet REMUNERACIONES
A2: =RESUMEN!A4 -> GESTIÓN SOCIAL Y COMUNICACIÓN – NUEVO CONCURSO RÍO CAÑETE
A5: REMUNERACIONES (planilla)
A6: ITEM | B6: CANTIDAD | C6: MESES | D6: COSTO | E6: TOTAL
A7: Supervisor de RRCC | B7: 1 | C7: 12 | D7: 13615 | E7: =D7*C7*B7 -> 163380
A8: Relacionistas comunitarios | B8: 4 | C8: 12 | D8: 9200 | E8: =D8*C8*B8 -> 441600
A9: Asistente de relaciones comunitarias (administrativo) | B9: 1 | C9: 12 | D9: 6950 | E9: =D9*C9*B9 -> 83400
A10: Conductores (permanente) | B10: 2 | C10: 12 | D10: 4720 | E10: =D10*C10*B10 -> 113280
A11: Conductor (eventual) | B11: 1 | C11: 12 | D11: 4000 | E11: =D11*C11*B11 -> 48000
A12: TOTAL | E12: =SUM(E7:E11) -> 849660

Sheet COSTEO ACTIVIDADES
B3: =RESUMEN!A4 -> GESTIÓN SOCIAL Y COMUNICACIÓN – NUEVO CONCURSO RÍO CAÑETE
B5: INSUMOS Y MATERIALES POR ACTIVIDAD
B7: PLAN DE PARTICIPACIÓN CIUDADANA
B9: Mecanismos de participación ciudadana
B10: Ítem | C10: Detalle | D10: Cantidad | E10: Unidad de medida | F10: Costo Unitario | G10: Costo total
B11: 1 | C11: Spots informativos y emisoras | D11: 12 | E11: mes | F11: 1200 | G11: =F11*D11 -> 14400
B12: 2 | C12: Buzones de sugerencia | D12: 10 | E12: unidad | F12: 280 | G12: =F12*D12 -> 2800
B13: 3 | C13: gigantografía c/parantes | D13: 4 | E13: unidad | F13: 195 | G13: =F13*D13 -> 780
B14: 4 | C14: Merchandising (diseño) | D14: 12 | E14: mes | F14: 500 | G14: =F14*D14 -> 6000
B15: 5 | C15: Licencia para edición | D15: 12 | E15: mes | F15: 550 | G15: =F15*D15 -> 6600
B16: 6 | C16: Diseño y diagramación | D16: 12 | E16: mes | F16: 2500 | G16: =F16*D16 -> 30000
B17: 7 | C17: Impresión de afiches / carteles informativo / paneles | D17: 1 | E17: global | F17: 4500 | G17: =F17*D17 -> 4500
B18: 8 | C18: Material para talleres | D18: 12 | E18: mes | F18: 350 | G18: =F18*D18 -> 4200
B19: 9 | C19: Refrigerio frío | D19: 12 | E19: mes | F19: 800 | G19: =F19*D19 -> 9600
B20: 10 | C20: Insumos para talleres (extensiones, cables, etc) | D20: 1 | E20: global | F20: 1500 | G20: =F20*D20 -> 1500
B21: Módulos informativos
B22: 11 | C22: Módulos informativos | D22: 2 | E22: unidad | F22: 560 | G22: =D22*F22 -> 1120
B23: 12 | C23: Rotafolios | D23: 4 | E23: unidad | F23: 320 | G23: =D23*F23 -> 1280
B24: 13 | C24: Sillas | D24: 4 | E24: unidad | F24: 75 | G24: =D24*F24 -> 300
B25: 14 | C25: Otros gastos de representación | D25: 12 | E25: mes | F25: 450 | G25: =D25*F25 -> 5400
B26: TOTAL | G26: =SUM(G11:G25) -> 88480
B31: TOTAL COSTEO ACTIVIDADES | G31: =G26 -> 88480

Sheet GASTOS OPERATIVOS
A2: =RESUMEN!A4 -> GESTIÓN SOCIAL Y COMUNICACIÓN – NUEVO CONCURSO RÍO CAÑETE
A3: GASTOS OPERATIVOS
A4: ITEM | B4: CANTIDAD | C4: UNIDAD DE MEDIDA | D4: COSTO | E4: TOTAL
A5: Camionetas 4 x 4 (02 unidades, incluye combustible) | B5: 12 | C5: mes | D5: 28000 | E5: =D5*B5 -> 336000
A6: Responsabilidad civil extracontruactual | B6: 2 | C6: servicio | D6: 2100 | E6: =D6*B6 -> 4200
A7: Responsabilidad civil (coboertura) $350.000 | B7: 1 | C7: global | D7: 3600 | E7: =D7*B7 -> 3600
A8: Kits de indumentaria (chaleco, camisa manga larga, polo manga larga, casaca, botas para lluvia, capota para lluvia y sombrero, EPP) | B8: 9 | C8: Kit | D8: 3500 | E8: =D8*B8 -> 31500
A9: Alquiler de oficinas y vigilante | B9: 12 | C9: mes | D9: 6000 | E9: =D9*B9 -> 72000
A10: Mobiliario para oficina (escritorio, sillas y estantería) | B10: 1 | C10: global | D10: 6500 | E10: =D10*B10 -> 6500
A11: Inducción de manejo defensivo (conductores) | B11: 3 | C11: unidad | D11: 450 | E11: =D11*B11 -> 1350
A12: Alquiler de laptops | B12: 6 | C12: unidad | D12: 2800 | E12: =D12*B12 -> 16800
A13: PC para edición | B13: 1 | C13: unidad | D13: 7000 | E13: =D13*B13 -> 7000
A14: Impresora multifuncional | B14: 1 | C14: unidad | D14: 9500 | E14: =D14*B14 -> 9500
A15: Equipo de escaneo | B15: 1 | C15: unidad | D15: 980 | E15: =D15*B15 -> 980
A16: Insumos de desinfección (jabón, alcohol, lejía, etc.) | B16: 12 | C16: mes | D16: 350 | E16: =D16*B16 -> 4200
... A19: Póliza contra accidentes | B19: 9 | C19: servicio | D19: 1508 | E19: =D19*B19 -> 13572
A20: Viáticos personal de campo (9) | B20: 12 | C20: Mes | D20: =1800*9 -> 16200 | E20: =D20*B20 -> 194400
A21: Protector solar UV (4 veces al año) | B21: 36 | C21: unidad | D21: 150 | E21: =D21*B21 -> 5400
A22: Repelente (4 veces al año) | B22: 36 | C22: unidad | D22: 85 | E22: =D22*B22 -> 3060
A23: Fotocheck | B23: 18 | C23: unidad | D23: 25 | E23: =D23*B23 -> 450
A24: Proyector y ecram | B24: 2 | C24: global | D24: 1500 | E24: =D24*B24 -> 3000
A25: Parlantes | B25: 2 | C25: unidad | D25: 3500 | E25: =D25*B25 -> 7000
A26: Cámara profesional y trípone | B26: 1 | C26: unidad | D26: 8399 | E26: =D26*B26 -> 8399
A27: Botiquín de primeros auxilios - oficina | B27: 1 | C27: global | D27: 750 | E27: =D27*B27 -> 750
A28: SCTR (9 personas) | B28: 12 | C28: Mes | D28: =150*9 -> 1350 | E28: =D28*B28 -> 16200
A29: EMO de ingreso y salida | B29: 9 | C29: Unidad | D29: 600 | E29: =D29*B29 -> 5400
A30: Carta fianza 10% | B30: 1 | C30: global | D30: 28000 | E30: =D30*B30 -> 28000
A31: TOTAL | E31: =SUM(E5:E30) -> 788461
A33: TOTAL COSTEO ACTIVIDADES | E33: =E31 -> 788461

Sheet GASTOS ADMINISTRATIVOS
A2: =RESUMEN!A4 -> GESTIÓN SOCIAL Y COMUNICACIÓN – NUEVO CONCURSO RÍO CAÑETE
A3: GASTOS ADMINISTRATIVOS
A4: ITEM | B4: CANTIDAD | C4: UNIDAD DE MEDIDA | D4: COSTO | E4: TOTAL
A5: Equipos celulares básicos | B5: 9 | C5: unidad | D5: 500 | E5: =D5*B5 -> 4500
A6: Planes de celulares (básico S/.60) | B6: 12 | C6: Mes | D6: =60*9 -> 540 | E6: =D6*B6 -> 6480
A7: Supervisor en SST (seguimiento) | B7: 12 | C7: mes | D7: 2800 | E7: =D7*B7 -> 33600
A8: Médico ocupacional (seguimiento) | B8: 12 | C8: mes | D8: 2800 | E8: =D8*B8 -> 33600
A9: Contador y asistente administrativo | B9: 12 | C9: Mes | D9: 3500 | E9: =D9*B9 -> 42000
A10: TOTAL | E10: =SUM(E5:E9) -> 120180
